 Dungeon Crawl Stone Soup version 0.23-a0-13-gb09bef45d9 (webtiles) character file.

71 Kaname the Conjurer (level 4, 20/30 HPs)
             Began as a Demonspawn Wizard on Aug 2, 2018.
             Quit the game on level 2 of the Dungeon.
             The game lasted 00:04:42 (1966 turns).

Kaname the Conjurer (Demonspawn Wizard)             Turns: 1966, Time: 00:04:43

Health: 20/30      AC:  8    Str:  8    XL:     4   Next: 5%
Magic:  4/8        EV: 12    Int: 20    God:
Gold:   69         SH:  0    Dex: 11    Spells: 3/9 levels left

rFire    + . .     SeeInvis .   j - +1 whip (elec)
rCold    + + .     Gourm    .   (no shield)
rNeg     . . .     Faith    .   a - +0 robe
rPois    .         Spirit   .   b - +0 hat
rElec    .         Reflect  .   l - scarf {rC+ rF+}
rCorr    .         Harm     .   (no gloves)
MR       .....                  (no boots)
Stlth    ++........             (no amulet)
HPRegen  0.10/turn              (no ring)
MPRegen  0.11/turn              (no ring)

@: sanguine armour
A: talons 1, cold resistance 1, sanguine armour 1
a: no special abilities


You were on level 2 of the Dungeon.
You were not hungry.

You visited 1 branch of the dungeon, and saw 2 of its levels.

You collected 69 gold pieces.

Inventory:

Hand Weapons
 j - a +1 whip of electrocution (weapon)
Missiles
 h - 26 arrows
Armour
 a - a +0 robe (worn)
 b - a +0 hat (worn)
 l - a scarf of resistance (worn)
Jewellery
 e - a cursed ring of teleportation {unknown}
Wands
 n - a wand of polymorph (16)
Scrolls
 c - 4 scrolls of remove curse {unknown}
 k - a scroll of identify {unknown}
Potions
 f - 2 potions of haste {unknown}
 g - 3 potions of magic {unknown}
 i - a potion of curing
 m - a potion of heal wounds {unknown}
Comestibles
 d - 4 rations
 o - 2 chunks of flesh


   Skills:
 - Level 1.7 Dodging
 - Level 1.7 Stealth
 - Level 3.0 Spellcasting
 + Level 4.0 Conjurations
   Level 1.0 Summonings
 - Level 0.8 Translocations


You had 3 spell levels left.
You knew the following spells:

 Your Spells              Type           Power        Failure   Level  Hunger
a - Magic Dart            Conj           ###.         2%          1    None
b - Blink                 Tloc           N/A          16%         2    ##.....
c - Mephitic Cloud        Conj/Pois/Air  #.......     24%         3    ###....

Your spell library contained the following spells:

 Spells                   Type           Power        Failure   Level  Hunger
 Conjure Flame            Conj/Fire      ##......     19%         3    ###....
 Slow                     Hex            #.......     22%         2    ##.....
 Call Imp                 Summ           #.......     14%         2    ##.....


Dungeon Overview and Level Annotations

Branches:
Dungeon (2/15)

Altars:


Innate Abilities, Weirdness & Mutations

You have sharp toenails.
Your flesh is cold resistant. (rC+)
When seriously injured, your bleeding wounds create armour. (AC +6)


Message History

Confirm with . or Enter, or press ? or * to list all spells.
Aiming: Magic Dart (safe; 3% risk of failure)
Press: ? - help, Shift-Dir - straight line, f/p - adder
Aim: an adder (heavily wounded)
The magic dart hits the adder.
The adder is almost dead.
Casting: Magic Dart (safe; 3% risk of failure)
Confirm with . or Enter, or press ? or * to list all spells.
Aiming: Magic Dart (safe; 3% risk of failure)
Press: ? - help, Shift-Dir - straight line, f/p - adder
Aim: an adder (almost dead)
The magic dart hits the adder.
You kill the adder!
Your Conjurations skill increases to level 4!
You have reached level 4!
You feel stronger.
Your demonic ancestry asserts itself...
You feel your blood ready itself to protect you.
Your blood congeals into armour.
Unknown command.
Are you sure you want to abandon this character and quit the game? (Confirm with "yes".)

..(.....# #..........#
#######..........#
#................#
#..............†.#
#................#
.................########
................@.......#
........................#
##......#....##.........#
.#......#.#..####.......#
..#.#####.##.# #.......#
....# #.##.# #......>#
....# #.##.# #########
....## #.##.##
..(..####.##..#


There were no monsters in sight!

Vanquished Creatures
  2 adders (D:2)
  3 worms (D:2)
  2 dart slugs
  A giant cockroach (D:1)
  6 goblins
  4 hobgoblins
  2 jackals (D:2)
  8 kobolds
  5 bats (D:1)
  2 frilled lizards
  6 rats
41 creatures vanquished.

Notes
Turn   | Place    | Note
-------+----------+-------------------------------------------
     0 | D:1      | Kaname the Demonspawn Wizard began the quest for the Orb.
     0 | D:1      | Reached XP level 1. HP: 13/13 MP: 4/4
   305 | D:1      | Reached skill level 2 in Conjurations
   340 | D:1      | Gained mutation: You have sharp toenails. [demonic ancestry]
   340 | D:1      | Reached XP level 2. HP: 19/19 MP: 3/6
  1192 | D:2      | Noticed Terence
  1195 | D:2      | Reached skill level 3 in Conjurations
  1214 | D:2      | Gained mutation: Your flesh is cold resistant. (rC+) [demonic ancestry]
  1214 | D:2      | Reached XP level 3. HP: 11/24 MP: 7/7
  1218 | D:2      | Learned a level 2 spell: Blink
  1222 | D:2      | Learned a level 3 spell: Mephitic Cloud
  1678 | D:2      | HP: 1/24 [worm (12)]
  1965 | D:2      | Reached skill level 4 in Conjurations
  1965 | D:2      | Gained mutation: When seriously injured, your bleeding wounds create armour. (AC +6) [demonic ancestry]
  1965 | D:2      | Reached XP level 4. HP: 20/30 MP: 4/8
  1966 | D:2      | Quit the game

Vault maps used:
D:1:      kennysheep_arrival_forest, minmay_fountain_box
D:2:      first_ration, kennysheep_generic_room_7, uniq_terence

Skill      XL: |  1  2  3 |
---------------+----------+-----
Conjurations   | 2 3 4 |  4.0
Dodging        | |  1.7
Stealth        | |  1.7
Spellcasting   | |  3.0
Summonings     | |  1.0
Translocations | |  0.8

Action                   |  1- 3 |  4- 6 || total
-------------------------+-------+-------++-------
Melee: Whip              |    32 |       ||    32
       Dagger            |    11 |       ||    11
       Kick              |    10 |       ||    10
 Cast: Magic Dart        |    81 |     1 ||    82
  Eat: Chunk             |     3 |       ||     3
Armor: Robe              |     4 |       ||     4
Dodge: Dodged            |    24 |       ||    24

Table legend:
 A = Spawn XP
 B = Non-spawn XP
 C = Spawn XP percentage of total XP
 D = Spawn monster count
 E = Non-spawn monster count
 F = Spawn count percentage of total count
 G = Total turns spent on level
                    A         B        C        D         E        F      G
               +---------+---------+-------+---------+---------+-------+---------
         Total |       0 |     102 |   0.0 |       0 |      41 |   0.0 |  1966
               +---------+---------+-------+---------+---------+-------+---------
           D:1 |       0 |      35 |   0.0 |       0 |      22 |   0.0 |  1200
           D:2 |       0 |      67 |   0.0 |       0 |      19 |   0.0 |   766
               +---------+---------+-------+---------+---------+-------+---------
